 Dungeon Crawl Stone Soup version 0.15.0-31-geb66e34 (webtiles) character file.

327940 MDvedh the Slayer (level 21, -14/188 HPs)
             Began as a Merfolk Death Knight on Sept 12, 2014.
             Was an Elder of Yredelemnul.
             Killed from afar by a black draconian scorcher (49 damage)
             ... with a blast of hellfire
             ... on Level 3 of the Realm of Zot on Sept 13, 2014.
             The game lasted 03:22:42 (51823 turns).

MDvedh the Slayer (Merfolk Death Knight)           Turns: 51823, Time: 03:22:42

HP -14/188       AC 28     Str 18      XL: 21   Next: 27%
MP  32/33        EV 29     Int 12 (14) God: Yredelemnul [****..]
Gold 2259        SH  0     Dex 21      Spells:  4 memorised, 20 levels left

rFire  + . .     SeeInvis .     B - +9 halberd (drain)
rCold  + . .     Clarity  .     T - +5 ring mail
rNeg   . . .     rCorr    .     (no shield)
rPois  +         rRot     .     f - +2 helmet
rElec  .         Spirit   .     l - +2 cloak
SustAb .         Warding  .     M - +2 pair of gloves
rMut   +         Stasis   .     m - +1 pair of boots {run}
Gourm  .                        A - amulet of Impatience {rMut rPois Str+4}
MR     +....                    a - ring of protection from fire
                                X - +3 ring of protection

@: about to teleport, very slightly contaminated, regenerating, drained, quick,
somewhat resistant to hostile enchantments, very unstealthy
A: change form in water, swift swim, clever 1, cold resistance 1, wild magic 2
a: Animate Dead, Recall Undead Slaves, Injury Mirror, Drain Life, Renounce
Religion
0: Orb of Zot
}: 3/15 runes: decaying, slimy, gossamer


You were on level 3 of the Realm of Zot.
You worshipped Yredelemnul.
Yredelemnul was greatly pleased with you.
You were full.

You visited 8 branches of the dungeon, and saw 53 of its levels.
You also visited: Sewer and Ossuary.

You collected 3887 gold pieces.
You spent 1628 gold pieces at shops.

Inventory:

Hand weapons
 B - a +9 halberd of draining (weapon)
 L - the +8 spear "Cruosyff" {freeze, rElec Int+1}
   (You found it on level 9 of the Dungeon)

   It has been specially enchanted to freeze those struck by it, causing extra
   injury to most foes and up to double damage against particularly susceptible
   opponents.
   It can also slow down cold-blooded creatures.
   It affects your intelligence (+1).
   It insulates you from electricity.
Armour
 f - a +2 helmet (worn)
 l - a +2 cloak (worn)
 m - a +1 pair of boots of running (worn)
 M - a +2 pair of gloves (worn)
 T - a +5 ring mail (worn)
Magical devices
 j - a wand of teleportation (5)
 J - a wand of digging (12)
Comestibles
 G - 2 meat rations
 O - 7 royal jellies
Scrolls
 c - a scroll of summoning
 d - 3 scrolls of fear
 e - 12 scrolls of remove curse
 i - 5 scrolls of recharging
 u - 9 scrolls of identify
 w - 6 scrolls of teleportation
 x - 9 scrolls of fog
 C - a scroll of enchant armour
 I - 2 scrolls of blinking
 Q - a scroll of vulnerability
Jewellery
 a - a ring of protection from fire (right hand)
 s - an uncursed ring of protection from fire
 y - an uncursed ring of see invisible
 A - the amulet of Impatience (around neck) {rMut rPois Str+4}
   (You bought it in a shop on level 4 of the Orcish Mines)

   [amulet of resist mutation]

   It protects you from mutation.
   It affects your strength (+4).
   It protects you from poison.
 E - an uncursed ring of flight
 H - the ring "Ximuexam" {Str-2 Dex+5 Int+2}
   (You found it on level 8 of the Dungeon)

   [ring of strength]

   It affects your strength (-2).
   It affects your intelligence (+2).
   It affects your dexterity (+5).
 K - an uncursed ring of protection from cold
 S - a cursed -3 ring of dexterity
 V - the ring "Atzobbiu" {rF- rC+ SInv}
   (You found it on level 4 of the Lair of Beasts)

   [ring of see invisible]

   It makes you vulnerable to fire.
   It protects you from cold.
   It enhances your eyesight.
 X - a +3 ring of protection (left hand)
 Z - an uncursed amulet of resist corrosion
Potions
 g - 2 potions of restore abilities
 k - 6 potions of cancellation
 n - 6 potions of flight
 z - 3 potions of cure mutation
 N - 2 potions of magic
 U - a potion of invisibility


   Skills:
 * Level 21.9(20.5) Fighting
 - Level 16.0(14.8) Polearms
 - Level 11.5(10.4) Armour
 + Level 21.3(19.9) Dodging
 - Level 4.5(3.6) Spellcasting
 - Level 9.5(8.5) Charms
 - Level 13.6(12.4) Transmutations
 - Level 10.6(9.5) Invocations


You had 20 spell levels left.
You knew the following spells:

 Your Spells              Type           Power        Failure   Level  Hunger
a - Regeneration          Chrm/Necr      ###.......   41%         3    ###....
b - Stoneskin             Trmt/Erth      ####....     14%         2    ##.....
c - Swiftness             Chrm/Air       ###.....     28%         2    ##.....
d - Repel Missiles        Chrm/Air       ###...       28%         2    ##.....


Dungeon Overview and Level Annotations

Branches:
Dungeon (15/15)            Temple (0/1) D:4             Orc (4/4) D:10
   Lair (8/8) D:11          Swamp (5/5) Lair:6       Spider (5/5) Lair:6
  Slime (6/6) Lair:7       Vaults (0/5) D:14         Depths (5/5) D:15
    Zot (5/5) Depths:5
    Elf: Orc:3-4

Altars:
Ashenzari
Cheibriados
Dithmenos
Elyvilon
Fedhas
Kikubaaqudgha
Makhleb
Nemelex Xobeh
Okawaru
Qazlal
Sif Muna
Trog
Xom
Beogh
Jiyva

Shops:
D:15 *   Orc:1 !   Orc:4 =**=

Portals:
Hell: Depths:2 Depths:5
Abyss: Depths:2

Annotations:
Spider:1 exclusion: Roxanne, Roxanne
Depths:2 exclusion: curse skull
Zot:5 exclusions: orange crystal statue and silver statue


Innate Abilities, Weirdness & Mutations

You revert to your normal form in water.
You are very nimble and swift while swimming.
Your mind is acute. (Int +2)
Your flesh is cold resistant.
Your spells are harder to cast, but more powerful.


Message History

A black draconian scorcher comes into view.
It is wielding a dagger.
The black draconian scorcher gestures at you while chanting.
The hellfire explodes!
The blast of hellfire engulfs you!
* * * LOW HITPOINT WARNING * * *
The golden dragon bites you but does no damage.
The golden dragon closely misses you. The golden dragon tramples you.
* * * LOW HITPOINT WARNING * * *
You stumble backwards!
Found a ring mail.
Found an escape hatch in the floor.
Unknown command.
Read which item? (? for menu, Esc to quit)
As you read the scroll of teleportation, it crumbles to dust.
You feel strangely unstable.
You feel the orb delaying this translocation!
The golden dragon completely misses you. x2
The golden dragon misses you.
The black draconian scorcher casts a spell at you.
The hellfire explodes!
The blast of hellfire engulfs you!
You die...
Your body rises from the dead as a mindless zombie.

**,,,,≈≈≈,,,>$.≈≈≈..#,*******,*<*
**,,,,≈≈≈,,>...≈≈≈..#,* *,,,,
,,,,,,≈≈≈,,q>q.≈≈≈..#,**** ***,,*
***,,,***≈≈≈≈≈≈###..#,,,,***,,,**
,,,,,,*,*≈≈≈≈≈d#q#..#,.#,,,,,***
**,,,,***≈≈≈≈≈≈###..#..#.,****
*,,,,,,,..[.............#* *****
**,,,,,,.........D.......# *,,,,
,,,,,,,,........@..d...#.# *,***
********#############..#,****,*
*,.#,,,,,,* ****** *,,,*********
,,,,,* **,,,,,*,,,,, ,,,,,*
*,,,*,*,**** ,,,,,*
********,,,*,*,* ,,,,,*
***,,,,,,,,,,*,*,* ******
*,,,,,.***,,<*,*,***


You could see a golden dragon, a green draconian, a white draconian, a green
draconian zealot and 2 draconians.

Vanquished Creatures
  the royal jelly (Slime:6)
  An orb of fire (Zot:5)
  2 ancient liches (Zot:5)
  A Killer Klown (Zot:5)
  2 electric golems (Zot:5)
  10 Orb Guardians (Zot:5)
  A titan (Depths:5)
  5 acid blobs
  2 thorn hunters
  Rupert (Lair:7)
  2 draconian monks
  A ghost moth (Zot:3)
  6 azure jellies (Slime:6)
  Maud (D:14)
  A draconian knight (Zot:4)
  2 emperor scorpions
  A very ugly thing (Depths:2)
  A spriggan defender (Depths:5)
  A draconian shifter (Zot:5)
  Snorg (Spider:2)
  2 green draconians (Zot:5)
  2 grey draconians
  A draconian caller (Zot:2)
  Azrael (Spider:1)
  3 dire elephants
  2 purple draconians
  A red draconian (Zot:5)
  A death ooze (Slime:6)
  2 white draconians (Zot:5)
  3 great orbs of eyes
  A fire dragon (Depths:4)
  12 hydras
  4 ice dragons
  A ravenous item mimic (Spider:5)
  2 death cobs (Zot:5)
  2 rakshasas
  Erica (D:10)
  3 alligators
  A centaur warrior (D:13)
  11 death yaks
  A tengu warrior (D:15)
  10 orb spiders
  A wizard (D:15)
  A swamp dragon (shapeshifter) (D:15)
  A spriggan druid (Swamp:4)
  2 orc knights (Orc:4)
  5 swamp dragons (Swamp:5)
  3 hill giants
  A necromancer (Depths:2)
  25 wolf spiders
  A shining eye (Slime:6)
  6 ravens
  An orc sorcerer (Orc:2)
  A griffon (Lair:7)
  A cyclops (D:14)
  15 ugly things
  4 black mambas
  A shining eye (shapeshifter) (Depths:5)
  3 moths of wrath
  7 elephants
  2 manticores
  Maurice (D:11)
  5 red wasps
  An eye of devastation (Slime:6)
  3 torpor snails
  2 gargoyles
  An orange demon (Zot:4)
  2 naga magi (Depths:2)
  15 spiny frogs
  A komodo dragon (shapeshifter) (D:15)
  7 komodo dragons
  3 demonic crawlers
  5 yaktaurs
  2 wyverns
  4 fire drakes
  A deep elf priest (D:15)
  A two-headed ogre (D:15)
  3 trolls
  3 blink frogs (Lair:5)
  12 jumping spiders
  A polar bear (Lair:7)
  Prince Ribbit (D:5)
  A fire vortex (Depths:3)
  4 giant leeches
  3 baby alligators (Swamp:5)
  6 bog bodies
  46 slime creatures
  2 boulder beetles
  6 spriggans
  A vampire (Lair:5)
  13 trapdoor spiders
  3 deep elf magi (D:15)
  15 redbacks
  A basilisk (Lair:3)
  A shadow (Swamp:1)
  A wraith (D:13)
  A water elemental (Depths:2)
  9 hippogriffs
  6 tarantellas
  7 vampire mosquitoes
  39 yaks
  3 deep elf fighters
  12 wolves
  2 fire elementals (Spider:1)
  A hungry ghost (D:12)
  A chaos spawn (Zot:3)
  A golden eye (Slime:3)
  A mottled dragon (Zot:2)
  11 water moccasins
  3 nagas (Depths:2)
  9 porcupines
  17 swamp worms
  The ghost of SaintRoka the Cudgeler, an average VSAK of Lugonu (D:3)
  3 ice beasts
  17 spiders
  2 boggarts (D:15)
  17 orc warriors
  3 black bears
  5 ogres
  A sky beast (D:9)
  13 swamp drakes
  7 yellow wasps
  A necrophage (D:8)
  A boring beetle (Lair:8)
  3 phantoms
  10 crocodiles
  11 centaurs
  12 giant frogs
  3 big kobolds
  12 insubstantial wisps
  A goliath beetle (D:9)
  2 gnoll sergeants
  3 water moccasin zombies (Ossuary)
  9 scorpions
  An eye of draining (shapeshifter) (D:15)
  3 eyes of draining
  16 killer bees
  A water moccasin skeleton (D:5)
  2 quasits
  3 electric eels (D:11)
  A centaur zombie (D:5)
  10 orc priests
  10 jellies
  4 crimson imps
  Crazy Yiuf (D:3)
  7 hounds
  Natasha (thrice) (D:5)
  4 iguanas
  14 orc wizards
  A warg simulacrum (Orc:4)
  A killer bee zombie (D:6)
  9 sheep
  A crocodile zombie (D:7)
  7 worker ants
  3 big kobold zombies (Ossuary)
  Ijyb (D:5)
  A mottled dragon skeleton (D:13)
  2 mummies (Ossuary)
  17 adders
  4 shadow imps
  10 gnolls
  48 green rats
  8 giant mites
  4 worms (Spider:2)
  An adder skeleton (D:5)
  An adder zombie (Ossuary)
  7 giant geckos
  An ooze (Sewer)
  107 orcs
  19 bats
  4 giant cockroaches
  4 gnoll zombies (Ossuary)
  20 hobgoblins
  13 quokkas
  8 ball pythons
  A giant gecko zombie (D:7)
  5 giant newts
  2 giant spores
  18 goblins
  4 hobgoblin zombies
  22 jackals
  A jackal skeleton (D:5)
  31 kobolds
  A kobold skeleton (D:7)
  6 kobold zombies (Ossuary)
  2 orc skeletons
  5 orc zombies
  17 rats
  A ballistomycete (D:7)
  3 briar patches (Swamp:4)
  A fungus (D:3)
  A plant (D:3)
1131 creatures vanquished.

Vanquished Creatures (collateral kills)
  3 ancient liches (Zot:5)
  Norris (Swamp:4)
  A Killer Klown (Zot:5)
  3 Orb Guardians (Zot:5)
  6 acid blobs (Slime:6)
  2 storm dragons (Zot:5)
  2 sphinxes
  A shadow dragon (Depths:4)
  Frances (D:15)
  A thorn hunter (Swamp:4)
  An ancient champion (D:15)
  6 azure jellies (Slime:6)
  Wiglaf (D:15)
  A frost giant (Depths:5)
  2 draconian knights
  2 ghost moths
  Louise (Spider:1)
  A draconian zealot (Zot:5)
  4 emperor scorpions
  A spriggan defender (D:15)
  A stone giant (D:15)
  4 very ugly things
  A draconian caller (Zot:5)
  A grey draconian (Zot:5)
  A white draconian (Zot:5)
  A green draconian (Zot:5)
  2 black draconians
  2 purple draconians (Zot:5)
  A red draconian (Zot:5)
  A minotaur (Depths:3)
  6 death oozes (Slime:6)
  5 fire dragons
  Josephine (Orc:4)
  4 rakshasas
  3 death cobs
  2 great orbs of eyes
  Fannar (Lair:1)
  5 ice dragons
  2 yaktaur captains
  Harold (Orc:2)
  16 hydras
  A spriggan air mage (Depths:3)
  A shambling mangrove (Swamp:3)
  5 centaur warriors
  4 alligators
  An ogre mage (Depths:1)
  10 death yaks
  A deep troll shaman (Lair:8)
  2 catoblepae
  A storm dragon zombie (Depths:2)
  A hell knight (D:15)
  A fire crab (shapeshifter) (Depths:2)
  3 spriggan druids
  6 orb spiders
  A giant orange brain (Depths:3)
  2 unseen horrors (D:13)
  The ghost of Tolias the Cudgeler, an experienced CeVM (D:5)
  2 flayed ghosts
  An orc knight (Orc:4)
  2 swamp dragons
  2 cyclopes
  27 wolf spiders
  5 red wasps
  4 elephants
  A hill giant (D:11)
  A griffon (Lair:5)
  9 ugly things
  2 moths of wrath
  An octopode (shapeshifter) (Depths:1)
  An iron dragon skeleton (Depths:2)
  A shining eye (Slime:5)
  2 black mambas
  A manticore (Depths:1)
  Joseph (Orc:2)
  An orange demon (D:15)
  A gargoyle (D:11)
  A torpor snail (Depths:1)
  8 spiny frogs
  A spriggan zombie (Depths:2)
  4 komodo dragons
  8 demonic crawlers
  2 yaktaurs
  A freezing wraith (D:15)
  2 tengu conjurers
  A polar bear (Lair:5)
  A shadow dragon simulacrum (Depths:2)
  13 jumping spiders
  Sonja (Orc:3)
  2 giant leeches
  6 baby alligators
  A hydra skeleton (D:15)
  A troll (Orc:4)
  6 ravens
  A blink frog (Lair:5)
  A boulder beetle (Lair:7)
  4 bog bodies
  2 vampires
  A flying skull (Depths:2)
  2 fire elementals (Spider:1)
  33 slime creatures
  A shadow (Depths:2)
  5 basilisks
  13 trapdoor spiders
  12 tarantellas
  6 spriggans
  36 yaks
  6 deep elf magi
  22 redbacks
  A wyvern (D:14)
  10 wolves
  A steam dragon (D:13)
  2 hippogriffs
  5 vampire mosquitoes (Swamp:4)
  Edmund (Orc:1)
  12 swamp worms
  3 hell hounds (Spider:1)
  13 spiders
  3 porcupines
  A warg (Orc:2)
  9 water moccasins
  A spriggan simulacrum (Depths:2)
  4 swamp drakes
  2 phantoms
  3 ice beasts
  16 orc warriors
  9 ogres
  9 yellow wasps
  2 boggarts (D:15)
  15 centaurs
  8 crocodiles
  6 giant frogs
  A jelly (D:6)
  8 insubstantial wisps
  A scorpion (Spider:2)
  7 wights
  A troll skeleton (D:10)
  5 electric eels
  A goliath beetle (D:7)
  3 crimson imps
  A centaur zombie (Orc:4)
  An elf zombie (D:15)
  A quasit (D:9)
  4 orc priests
  6 hounds
  18 orc wizards
  An elf skeleton (D:9)
  An orange rat (Depths:3)
  2 iguanas
  17 sheep
  5 worker ants
  A killer bee zombie (D:11)
  A mummy (D:9)
  A worker ant zombie (D:6)
  7 adders
  32 green rats
  4 gnolls
  2 orc skeletons (Orc:4)
  2 shadow imps
  An inept feature mimic (D:6)
  75 orcs
  A bat zombie (D:5)
  A hobgoblin (D:8)
  A jackal (D:8)
  4 kobolds
  3 quokkas
  3 bats
  6 goblins
  A jackal zombie (D:8)
  3 orc simulacra (Orc:4)
  An orc zombie (Orc:4)
  3 rats
  2 ballistomycetes
  2 briar patches (Swamp:4)
  A bush (Lair:8)
  7 fungi
  3 plants
800 creatures vanquished.

Vanquished Creatures (others)
  2 profane servitors
  5 bone dragons
  The ghost of Pirate the Bludgeoner, a great GrFi of Trog (Depths:4)
  4 ghouls
  2 death cobs
  A storm dragon zombie (Zot:5)
  A human zombie (Zot:5)
  5 skeletal warriors
  4 flayed ghosts
  5 wolf spider zombies
  2 draconian zombies (Zot:5)
  3 phantasmal warriors
  2 ugly things (Swamp:5)
  2 centaur zombies
  A green draconian zombie (Zot:5)
  A purple draconian zombie (Zot:5)
  A grey draconian zombie (Zot:5)
  A white draconian zombie (Zot:5)
  A redback zombie (Spider:2)
  A ghoul skeleton (Zot:5)
  A trapdoor spider zombie (Spider:2)
  5 jumping spider zombies
  2 fire dragon zombies (Zot:5)
  A hydra skeleton (Swamp:5)
  2 ice dragon zombies (Zot:3)
  5 vampires
  5 wraiths
  11 flying skulls
  A black mamba zombie (Lair:4)
  An alligator skeleton (Swamp:5)
  A spriggan (Swamp:5)
  A hill giant zombie (D:15)
  2 raven zombies
  A tengu zombie (D:15)
  2 orb spider zombies (Spider:2)
  A baby alligator skeleton (Swamp:5)
  A sky beast (D:15)
  A yellow wasp (Spider:5)
  A swamp dragon skeleton (Swamp:5)
  5 spider zombies
  A hell hound zombie (Spider:1)
  4 yak zombies
  A scorpion (Spider:1)
  2 wights (D:11)
  A wolf skeleton (Lair:4)
  2 yellow wasp zombies (Depths:5)
  An orc priest (D:14)
  An elf zombie (D:15)
  An ogre zombie (Orc:1)
  A mummy (D:11)
  3 swamp drake skeletons (Swamp:5)
  An adder zombie (Lair:8)
  3 sheep zombies (Lair:4)
  An orc (D:14)
  A giant spore (D:15)
  6 green rat zombies
  13 orc zombies
  A quokka (D:2)
  18 spectral orcs
  2 fungi
  2 plants
161 creatures vanquished.

Grand Total: 2092 creatures vanquished

Notes
Turn   | Place    | Note
--------------------------------------------------------------
     0 | D:1      | MDvedh, the Merfolk Death Knight, began the quest for the Orb.
     0 | D:1      | Reached XP level 1. HP: 16/16 MP: 2/2
    74 | D:1      | Reached skill level 4 in Polearms
    74 | D:1      | Reached XP level 2. HP: 20/22 MP: 3/3
   311 | D:1      | Found a shimmering altar of Xom.
   586 | D:1      | Reached XP level 3. HP: 27/27 MP: 5/5
   592 | D:1      | Reached skill level 5 in Polearms
   780 | D:1      | Acquired Yredelemnul's second power
  1327 | D:2      | Found a white marble altar of Elyvilon.
  1348 | D:2      | Reached skill level 6 in Polearms
  1554 | D:2      | Reached XP level 4. HP: 28/33 MP: 6/6
  2070 | D:2      | Reached skill level 7 in Polearms
  2156 | D:2      | Found a bloodstained altar of Trog.
  2517 | D:3      | Found a deep blue altar of Sif Muna.
  2548 | D:3      | Reached XP level 5. HP: 35/38 MP: 8/8
  2563 | D:3      | Found a glowing drain.
  2678 | Sewer    | Entered a sewer
  2695 | Sewer    | Acquired Yredelemnul's third power
  2704 | Sewer    | Reached skill level 8 in Polearms
  2965 | Sewer    | Reached XP level 6. HP: 22/44 MP: 9/9
  3489 | Sewer    | Reached skill level 9 in Polearms
  3732 | D:3      | Noticed SaintRoka's ghost (average VSAK)
  3745 | D:3      | Killed SaintRoka's ghost
  3745 | D:3      | Reached skill level 10 in Polearms
  3998 | D:3      | Reached XP level 7. HP: 32/50 MP: 11/11
  4478 | D:3      | Noticed Crazy Yiuf
  4485 | D:3      | Killed Crazy Yiuf
  4587 | D:4      | Found a staircase to the Ecumenical Temple.
  4601 | D:4      | Found a sand-covered staircase.
  4606 | Ossuary  | Entered an ossuary
  4671 | Ossuary  | Reached skill level 11 in Polearms
  5097 | Ossuary  | Reached skill level 12 in Polearms
  5258 | D:4      | Upgraded the game from 0.15.0-29-ga8e3430 to 0.15.0-31-geb66e34
  5458 | D:4      | Reached XP level 8. HP: 53/56 MP: 13/13
  5910 | D:4      | Found a snail-covered altar of Cheibriados.
  5986 | D:4      | Acquired Yredelemnul's fourth power
  6253 | D:5      | Entered Level 5 of the Dungeon
  6315 | D:5      | Noticed Natasha
  6322 | D:5      | Killed Natasha
  6404 | D:5      | Found a shattered altar of Ashenzari.
  6406 | D:5      | Noticed Prince Ribbit
  6430 | D:5      | Killed Prince Ribbit
  6430 | D:5      | Reached skill level 5 in Dodging
  6430 | D:5      | Reached skill level 5 in Invocations
  6654 | D:5      | Noticed Tolias' ghost (experienced CeVM)
  6697 | D:5      | Killed Tolias' ghost
  6697 | D:5      | Reached XP level 9. HP: 22/61 MP: 15/18
  6862 | D:5      | Noticed Ijyb
  6881 | D:5      | Killed Ijyb
  6949 | D:5      | Received a gift from Yredelemnul
  7461 | D:5      | Noticed Natasha
  7471 | D:5      | Killed Natasha
  7674 | D:5      | Noticed Natasha
  7678 | D:5      | Killed Natasha
  7815 | D:6      | Found an ancient bone altar of Kikubaaqudgha.
  8024 | D:6      | Found a stormy altar of Qazlal.
  8026 | D:6      | Found a blossoming altar of Fedhas.
  8252 | D:6      | Found a sparkling altar of Nemelex Xobeh.
  9383 | D:8      | Found a burning altar of Makhleb.
  9544 | D:8      | Found a burning altar of Makhleb.
  9836 | D:8      | Received a gift from Yredelemnul
  9917 | D:8      | Reached skill level 13 in Polearms
 10200 | D:8      | Reached XP level 10. HP: 64/67 MP: 21/21
 10425 | D:8      | Got an ancient pewter ring
 10508 | D:8      | Identified the cursed ring "Ximuexam" {Str-2 Dex+5 Int+2} (You found it on level 8 of the Dungeon)
 10600 | D:9      | Reached skill level 14 in Polearms
 10610 | D:9      | Received a gift from Yredelemnul
 10733 | D:9      | Found an iron altar of Okawaru.
 10757 | D:9      | Got a brightly glowing spear
 10758 | D:9      | Identified the +8 spear "Cruosyff" {freeze, rElec Int+1} (You found it on level 9 of the Dungeon)
 11036 | D:10     | Entered Level 10 of the Dungeon
 11061 | D:10     | Acquired Yredelemnul's fifth power
 11097 | D:10     | Noticed a hill giant
 11103 | D:10     | Killed a hill giant
 11113 | D:10     | Found a staircase to the Orcish Mines.
 11327 | D:10     | Received a gift from Yredelemnul
 11346 | D:10     | Reached skill level 5 in Fighting
 11395 | D:10     | Noticed Erica
 11409 | D:10     | Killed Erica
 11409 | D:10     | Reached skill level 10 in Dodging
 11752 | D:10     | Found a shadowy altar of Dithmenos.
 12373 | D:11     | Reached XP level 11. HP: 73/84 MP: 15/22
 12385 | D:11     | Received a gift from Yredelemnul
 12897 | D:11     | Noticed a hill giant
 12903 | D:11     | Killed a hill giant
 12904 | D:11     | Received a gift from Yredelemnul
 12928 | D:11     | Noticed Maurice
 12980 | D:11     | Killed Maurice
 13147 | D:11     | Noticed a centaur warrior
 13169 | D:11     | Killed a centaur warrior
 13522 | D:11     | Found a staircase to the Lair.
 13537 | Lair:1   | Entered Level 1 of the Lair of Beasts
 13754 | Lair:1   | Received a gift from Yredelemnul
 13797 | Lair:1   | Noticed Fannar
 13803 | Lair:1   | Reached skill level 10 in Fighting
 13835 | Lair:1   | Killed Fannar
 14609 | Lair:2   | Reached XP level 12. HP: 91/100 MP: 22/24
 14659 | Lair:2   | Noticed a six-headed hydra
 14667 | Lair:2   | Killed a six-headed hydra
 15473 | Lair:3   | Received a gift from Yredelemnul
 16463 | Lair:4   | Received a gift from Yredelemnul
 16796 | Lair:4   | Reached skill level 10 in Invocations
 16828 | Lair:4   | Got a brightly glowing marble ring
 16862 | Lair:4   | Learned a level 3 spell: Regeneration
 17171 | Lair:4   | Reached XP level 13. HP: 105/111 MP: 27/27
 17388 | Lair:5   | Identified the ring "Atzobbiu" {rF- rC+ SInv} (You found it on level 4 of the Lair of Beasts)
 17405 | Lair:5   | Gained mutation: Your vision is a little blurry. [potion of mutation]
 17405 | Lair:5   | Gained mutation: Your spells are a little harder to cast, but a little more powerful. [potion of mutation]
 17405 | Lair:5   | Gained mutation: Your flesh is cold resistant. [potion of mutation]
 17406 | Lair:5   | Gained mutation: Your mind is acute. (Int +2) [potion of mutation]
 17406 | Lair:5   | Gained mutation: You have very sharp teeth. [potion of mutation]
 18233 | Lair:6   | Found a hole to the Spider Nest.
 18250 | Lair:6   | Reached skill level 1 in Armour
 18252 | Lair:6   | Reached skill level 1 in Charms
 18261 | Lair:6   | Received a gift from Yredelemnul
 18902 | Lair:6   | Received a gift from Yredelemnul
 19078 | Lair:6   | Found a staircase to the Swamp.
 19193 | Lair:7   | Noticed Rupert
 19230 | Lair:7   | Killed Rupert
 19230 | Lair:7   | Reached skill level 5 in Charms
 19230 | Lair:7   | Received a gift from Yredelemnul
 19477 | Lair:7   | Found a staircase to the Slime Pits.
 19478 | Lair:7   | Found a viscous altar of Jiyva.
 19532 | Lair:7   | Received a gift from Yredelemnul
 19825 | Lair:7   | Reached XP level 14. HP: 107/119 MP: 28/28
 20048 | Lair:7   | Reached skill level 1 in Spellcasting
 20849 | Lair:7   | Reached skill level 5 in Armour
 20849 | Lair:7   | Reached XP level 15. HP: 113/125 MP: 29/29
 21168 | Lair:8   | Entered Level 8 of the Lair of Beasts
 21932 | Lair:8   | Received a gift from Yredelemnul
 22886 | Orc:1    | Entered Level 1 of the Orcish Mines
 22899 | Orc:1    | Found Sohages' Distillery.
 22933 | Orc:1    | Found a roughly hewn altar of Beogh.
 22934 | Orc:1    | Noticed Edmund
 22938 | Orc:1    | Received a gift from Yredelemnul
 22953 | Orc:1    | Killed Edmund
 22961 | Orc:1    | Bought a potion of poison for 13 gold pieces
 22961 | Orc:1    | Bought a potion of brilliance for 32 gold pieces
 22961 | Orc:1    | Bought a potion of degeneration for 26 gold pieces
 22961 | Orc:1    | Bought a potion of mutation for 32 gold pieces
 22961 | Orc:1    | Bought a potion of mutation for 32 gold pieces
 22965 | Orc:1    | Gained mutation: Your spells are harder to cast, but more powerful. [potion of mutation]
 22966 | Orc:1    | Gained mutation: Your body is slowly deteriorating. [potion of mutation]
 22966 | Orc:1    | Gained mutation: You have a somewhat thin skeletal structure (Dex +2, Stealth). [potion of mutation]
 22988 | Orc:1    | Received a gift from Yredelemnul
 23203 | Orc:2    | Noticed Harold
 23222 | Orc:2    | Killed Harold
 23342 | Orc:2    | Received a gift from Yredelemnul
 23557 | Orc:3    | Found a frozen archway.
 23563 | Orc:3    | Noticed Sonja
 23581 | Orc:3    | Killed Sonja
 23789 | Orc:3    | Received a gift from Yredelemnul
 24064 | Orc:3    | Noticed Nergalle
 24070 | Orc:3    | Killed Nergalle
 24070 | Orc:3    | Enslaved Nergalle
 24142 | Orc:3    | Found a roughly hewn altar of Beogh.
 24213 | Orc:4    | Entered Level 4 of the Orcish Mines
 24275 | Orc:4    | Reached skill level 15 in Polearms
 24322 | Orc:4    | Noticed Josephine
 24335 | Orc:4    | Killed Josephine
 24354 | Orc:4    | Received a gift from Yredelemnul
 24376 | Orc:4    | Found Stidu's General Store.
 24377 | Orc:4    | Found Marasaaw's General Store.
 24377 | Orc:4    | Found Wienev's Jewellery Emporium.
 24383 | Orc:4    | Found Laabuhau's Jewellery Shop.
 24494 | Orc:4    | Bought a cursed -5 ring of protection for 36 gold pieces
 24494 | Orc:4    | Bought a cursed amulet of inaccuracy for 36 gold pieces
 24500 | Orc:4    | Bought a scroll of teleportation for 45 gold pieces
 24508 | Orc:4    | Bought the amulet of Impatience {rMut rPois Str+4} for 1072 gold pieces
 25457 | D:12     | Lost mutation: Your body is slowly deteriorating. [potion of cure mutation]
 25457 | D:12     | Lost mutation: You have a somewhat thin skeletal structure (Dex +2, Stealth). [potion of cure mutation]
 25457 | D:12     | Lost mutation: Your vision is a little blurry. [potion of cure mutation]
 25457 | D:12     | Lost mutation: Your spells are harder to cast, but more powerful. [potion of cure mutation]
 25457 | D:12     | Lost mutation: You have very sharp teeth. [potion of cure mutation]
 25783 | D:13     | Got a steaming leather armour
 25784 | D:13     | Identified the +1 leather armour of Indemnity {Dex+1 Int-3} (You found it on level 13 of the Dungeon)
 26105 | D:13     | Reached skill level 16 in Polearms
 26759 | D:14     | Noticed Maud
 26775 | D:14     | Killed Maud
 26819 | D:14     | Reached skill level 15 in Fighting
 26891 | D:14     | Your ally orc warrior died
 27026 | D:14     | Found a gate to the Vaults.
 27246 | D:14     | Reached XP level 16. HP: 136/136 MP: 29/29
 27279 | D:14     | Found a deep blue altar of Sif Muna.
 27404 | D:15     | Entered Level 15 of the Dungeon
 27408 | D:15     | Found a shadowy altar of Dithmenos.
 27594 | D:15     | Reached skill level 15 in Dodging
 27733 | D:15     | Found Smunnuq's Assorted Antiques.
 27750 | D:15     | Bought a crude pewter ring for 190 gold pieces
 27750 | D:15     | Bought a scroll of teleportation for 114 gold pieces
 27752 | D:15     | Identified the ring "Shetiry" {Wiz Dex-2} (You bought it in a shop on level 15 of the Dungeon)
 27927 | D:15     | Received a gift from Yredelemnul
 28199 | D:15     | Found a staircase to the Depths.
 28208 | D:15     | Your ally orc warrior died
 28242 | D:15     | Your ally orc warrior died
 28242 | D:15     | Your ally orc warrior died
 28243 | D:15     | HP: 4/136 [very large slime creature[a boggart] (49)]
 29415 | Swamp:1  | Entered Level 1 of the Swamp
 29744 | Swamp:1  | Got a shimmering copper ring
 30013 | Swamp:2  | Received a gift from Yredelemnul
 30325 | Swamp:2  | Identified the ring of Pohoppyf {Str-1 Dex+1 Int+5} (You found it on level 1 of the Swamp)
 31007 | Swamp:3  | Received a gift from Yredelemnul
 31359 | Swamp:3  | Received a gift from Yredelemnul
 32162 | Swamp:4  | Noticed Norris
 32194 | Swamp:4  | Killed Norris
 32306 | Swamp:4  | Reached skill level 17 in Dodging
 32463 | Swamp:4  | Received a gift from Yredelemnul
 32505 | Swamp:4  | Your ally orc warrior died
 32507 | Swamp:4  | Your ally orc warrior died
 32581 | Swamp:4  | Noticed a thorn hunter
 32593 | Swamp:4  | Killed a thorn hunter
 32927 | Swamp:4  | Your ally Nergalle died
 33161 | Swamp:4  | Noticed a thorn hunter
 33176 | Swamp:4  | Killed a thorn hunter
 33178 | Swamp:4  | Reached XP level 17. HP: 90/147 MP: 30/30
 33601 | Swamp:5  | Entered Level 5 of the Swamp
 33708 | Swamp:5  | Reached skill level 18 in Dodging
 33773 | Swamp:5  | HP: 2/149 [spriggan druid/angry trees (9)]
 34286 | Swamp:5  | Got a decaying rune of Zot
 34943 | Orc:3    | Your ally orc warlord died
 34975 | Orc:2    | Noticed Joseph
 34977 | Orc:2    | Received a gift from Yredelemnul
 34988 | Orc:2    | Killed Joseph
 35288 | Orc:2    | Identified the Grimoire of Evil Magic
 35381 | Orc:2    | Learned a level 2 spell: Stoneskin
 36177 | Spider:1 | Entered Level 1 of the Spider Nest
 36194 | Lair:6   | Reached skill level 1 in Transmutations
 36353 | Lair:6   | Received a gift from Yredelemnul
 36400 | Spider:1 | Noticed Roxanne
 36454 | Spider:1 | Noticed Azrael
 36462 | Spider:1 | Noticed Louise
 36469 | Spider:1 | Killed Azrael
 36488 | Spider:1 | Killed Louise
 36488 | Spider:1 | Reached skill level 5 in Transmutations
 37196 | Spider:2 | Received a gift from Yredelemnul
 37223 | Spider:2 | Got a faintly glowing cloak
 37224 | Spider:2 | Identified the cursed -1 cloak "Dymuydd" {+Blink +Rage Dex-3} (You found it on level 2 of the Spider Nest)
 37907 | Spider:2 | Noticed Snorg
 37925 | Spider:2 | Killed Snorg
 37925 | Spider:2 | Reached XP level 18. HP: 154/157 MP: 31/31
 38181 | Spider:2 | Received a gift from Yredelemnul
 38485 | Spider:3 | Reached skill level 10 in Transmutations
 38533 | Spider:3 | Received a gift from Yredelemnul
 38738 | Spider:3 | Received a gift from Yredelemnul
 39001 | Spider:3 | Learned a level 2 spell: Swiftness
 39136 | Spider:4 | Received a gift from Yredelemnul
 39562 | Spider:5 | Entered Level 5 of the Spider Nest
 39981 | Spider:5 | Received a gift from Yredelemnul
 40275 | Spider:5 | Got a gossamer rune of Zot
 40497 | Slime:1  | Entered Level 1 of the Pits of Slime
 40516 | Slime:1  | Received a gift from Yredelemnul
 40875 | Slime:4  | HP: 6/157 [acid (7)]
 41361 | Slime:5  | Reached skill level 10 in Armour
 41920 | Slime:5  | Received a gift from Yredelemnul
 42168 | Slime:6  | Entered Level 6 of the Pits of Slime
 42216 | Slime:6  | Received a gift from Yredelemnul
 42383 | Slime:6  | Found a viscous altar of Jiyva.
 42383 | Slime:6  | Paralysed by a great orb of eyes for 3 turns
 42388 | Slime:6  | Noticed the royal jelly
 42433 | Slime:6  | Killed the royal jelly
 42433 | Slime:6  | Reached XP level 19. HP: 163/163 MP: 12/32
 42788 | Slime:6  | Identified the Incunabulum of the Nexus (You found it on level 6 of the Pits of Slime)
 42796 | Slime:6  | Learned a level 2 spell: Repel Missiles
 42804 | Slime:6  | Identified the Grimoire of Supportive Boosts
 42844 | Slime:6  | Got a slimy rune of Zot
 42922 | Slime:6  | Got a smoking bronze amulet
 42923 | Slime:6  | Identified the amulet of Xom's Supremacy {Gourm +Blink} (You found it on level 6 of the Pits of Slime)
 42930 | Slime:6  | Identified Zueb's Catalogue of Augmentations
 42942 | Slime:6  | Gained mutation: Your spells are harder to cast, but more powerful. [potion of beneficial mutation]
 43588 | Depths:1 | Entered Level 1 of the Depths
 43588 | Depths:1 | Noticed Wiglaf
 43588 | Depths:1 | Noticed Frances
 43599 | D:15     | Killed Wiglaf
 43680 | D:15     | Killed Frances
 44813 | Depths:1 | Received a gift from Yredelemnul
 45286 | Depths:2 | Found a one-way gate to the infinite horrors of the Abyss.
 45395 | Depths:2 | Found a gateway to Hell.
 45646 | Depths:2 | Received a gift from Yredelemnul
 45785 | Depths:2 | Reached skill level 19 in Dodging
 45884 | Depths:2 | Received a gift from Yredelemnul
 46241 | Depths:4 | Noticed Pirate's ghost (great GrFi)
 46568 | Depths:3 | Paralysed by a sphinx for 7 turns
 46963 | Depths:4 | Killed Pirate's ghost
 47312 | Depths:5 | Entered Level 5 of the Depths
 47574 | Depths:5 | Reached XP level 20. HP: 72/174 MP: 32/32
 47933 | Depths:5 | Found a gate to the Realm of Zot.
 48070 | Zot:1    | Entered Level 1 of the Realm of Zot
 48101 | Zot:2    | Received a gift from Yredelemnul
 48372 | Zot:5    | Entered Level 5 of the Realm of Zot
 48415 | Zot:5    | Reached skill level 20 in Dodging
 48892 | Zot:5    | Noticed an orb of fire
 48899 | Zot:5    | Noticed an ancient lich
 48907 | Zot:5    | Received a gift from Yredelemnul
 49073 | Zot:5    | Noticed an ancient lich
 49082 | Zot:5    | Killed an ancient lich
 49127 | Zot:5    | Killed an ancient lich
 49157 | Zot:5    | Noticed an ancient lich
 49165 | Zot:5    | Killed an ancient lich
 49207 | Zot:5    | Noticed a Killer Klown
 49227 | Zot:5    | Killed a Killer Klown
 49230 | Zot:5    | Noticed an electric golem
 49240 | Zot:5    | Killed an electric golem
 49268 | Zot:5    | Noticed a Killer Klown
 49504 | Zot:5    | Killed a Killer Klown
 49504 | Zot:5    | Reached skill level 21 in Fighting
 49598 | Zot:5    | Noticed an electric golem
 49616 | Zot:5    | Killed an electric golem
 49791 | Zot:5    | Received a gift from Yredelemnul
 50030 | Zot:5    | Noticed an ancient lich
 50430 | Zot:5    | Killed an ancient lich
 50430 | Zot:5    | Reached XP level 21. HP: 101/187 MP: 30/33
 50509 | Zot:5    | Noticed an orb of fire
 50527 | Zot:5    | Killed an orb of fire
 50531 | Zot:5    | Noticed a curse toe
 50541 | Zot:5    | Identified a +1 pair of boots of running (You found it on level 5 of the Realm of Zot)
 50815 | Zot:5    | Noticed an ancient lich
 50830 | Zot:5    | Killed an ancient lich
 51232 | Zot:4    | Received a gift from Yredelemnul
 51614 | Zot:5    | Got the Orb of Zot
 51822 | Zot:3    | Noticed a golden dragon
 51823 | Zot:3    | Killed from afar by a black draconian scorcher

Action                   |  1- 3 |  4- 6 |  7- 9 | 10-12 | 13-15 | 16-18 | 19-21 || total
-------------------------+-------+-------+-------+-------+-------+-------+-------++-------
Melee: Spear             |   149 |   272 |   787 |   698 |  1174 |       |       ||  3080
       Halberd           |       |       |    72 |    38 |   136 |  1898 |   952 ||  3096
       Unarmed           |       |       |       |       |       |     2 |       ||     2
 Cast: Regeneration      |       |       |       |       |     3 |     5 |    12 ||    20
       Stoneskin         |       |       |       |       |       |     8 |     2 ||    10
Invok: Animate Dead      |       |       |     5 |    13 |    34 |    45 |    27 ||   124
       Recall Undead Sla |       |       |     3 |    10 |    28 |    32 |    55 ||   128
       Drain Life        |       |       |       |     2 |     8 |    39 |    11 ||    60
       Enslave Soul      |       |       |       |     1 |     2 |       |       ||     3
       Injury Mirror     |       |       |       |       |       |     1 |       ||     1
Evoke: Wand              |       |       |     3 |     9 |     8 |     4 |     6 ||    30
  Use: Scroll            |       |     1 |    16 |    10 |     9 |    15 |    34 ||    85
       Potion            |       |     1 |     7 |     1 |     7 |    26 |    33 ||    75
 Stab: Distracted        |       |       |     4 |    14 |    21 |    31 |    16 ||    86
       Sleeping          |       |       |       |     3 |     4 |     7 |       ||    14
       Confused          |       |       |       |       |     2 |       |       ||     2
  Eat: Chunk             |     2 |     5 |     8 |     4 |    14 |     4 |     1 ||    38
       Bread ration      |       |     1 |       |     1 |       |    10 |    11 ||    23
       Meat ration       |       |       |     2 |     3 |     4 |     2 |       ||    11
       Fruit             |       |       |     1 |       |       |       |       ||     1
       Beef jerky        |       |       |       |     1 |     3 |     5 |     3 ||    12
       Royal jelly       |       |       |       |       |     1 |       |       ||     1
